 Dungeon Sprint DCSS version 0.17-a0-777-g32247ce (webtiles) character file.

286 lorenzova the Spear-Bearer (level 6, -2/57 HPs)
             Began as a Merfolk Gladiator on Apr 25, 2015.
             Slain by a yak (10 damage)
             ... in the Dungeon (Sprint I: "Red Sonja").
             The game lasted 00:01:21 (304 turns).

lorenzova the Spear-Bearer (Merfolk Gladiator)       Turns: 304, Time: 00:01:21

Health: -2/57      AC:  4    Str: 17    XL:     6   Next: 30%
Magic:  6/6        EV: 18    Int:  7    God:
Gold:   297        SH:  0    Dex: 15    Spells: 0 memorised, 5 levels left

rFire  . . .     SeeInvis .     a - +0 trident
rCold  . . .     Clarity  .     b - +0 leather armour
rNeg   . . .     SustAb   .     (no shield)
rPois  .         Gourm    .     c - +0 helmet
rElec  .         Spirit   .     (no cloak)
rCorr  .         Warding  .     (no gloves)
rMut   .         NoTele   +     (no boots)
MR     .....                    (no amulet)
Stlth  +.........               (no ring)
                                (no ring)

@: not resistant to hostile enchantments, very unstealthy
A: change form in water, swift swim
a: no special abilities


You were in the Dungeon.
You were not hungry.

You visited 1 branch You collected 297 gold pieces.

Inventory:

Hand weapons
 a - a +0 trident (weapon)
Armour
 b - a +0 leather armour (worn)
 c - a +0 helmet (worn)
Magical devices
 l - a wand of slowing (13)
Scrolls
 k - a scroll of blinking
Potions
 f - a potion of curing
 g - a potion of heal wounds
 h - a potion of haste
 i - 2 potions of magic
 j - a potion of berserk rage
Comestibles
 e - a bread ration


   Skills:
 + Level 8.3 Fighting
 + Level 11.1 Polearms
 - Level 2.0 Throwing
 + Level 10.3 Dodging


You had 5 spell levels left.
You didn't know any spells.

Dungeon Overview and Level Annotations

Branches:
Dungeon (1/1)

Altars:
Elyvilon
Gozag
Kikubaaqudgha
Makhleb
Nemelex Xobeh
Qazlal
Ru
Sif Muna
Vehumet
Xom
Yredelemnul
Zin
The Shining One

Shops:
D [


Message History

Press: ? - help, Shift-Dir - straight line, f/p - yak
Aim: a yak (heavily wounded)
Okay, then.
You are too injured to fight recklessly!
You are too injured to fight recklessly!
You closely miss the yak.
The yak is heavily wounded.
The yak completely misses you.
You puncture the yak!
The yak is almost dead.
You hit the yak but do no damage.
The yak is almost dead.
The yak closely misses you.
You barely miss the yak.
The yak is almost dead.
The yak misses you.
You barely miss the yak.
The yak is almost dead.
The yak gores you!
You die...

################
#<.#..)..#..'..#
#..)..#..').#..+
#..#####'#####'#
#..# #..#...#)#
#..#__####..##)#
#..#_..__##'#..+
#⌠⌠#_.∩...Y@.._#
####_..._##_.#+#
___ ##+# #


You could see a yak.

Vanquished Creatures
  Sigmund (D)
  An ogre (D)
  A jelly (D)
  Ijyb (D)
4 creatures vanquished.

Notes
Turn   | Place    | Note
--------------------------------------------------------------
     0 | D        | lorenzova, the Merfolk Gladiator, began the quest for the Orb.
     0 | D        | Reached XP level 1. HP: 16/16 MP: 1/1
     1 | D        | Noticed Ijyb
    18 | D        | Killed Ijyb
    18 | D        | Reached skill level 6 in Polearms
    18 | D        | Reached XP level 2. HP: 18/25 MP: 2/2
    18 | D        | Reached XP level 3. HP: 21/30 MP: 3/3
    76 | D        | Noticed an ogre
    83 | D        | Killed an ogre
    83 | D        | Reached skill level 8 in Polearms
    83 | D        | Reached XP level 4. HP: 35/40 MP: 4/4
   117 | D        | Noticed Sigmund
   136 | D        | Killed Sigmund
   136 | D        | Reached skill level 10 in Polearms
   136 | D        | Reached skill level 10 in Dodging
   136 | D        | Reached XP level 5. HP: 44/49 MP: 5/5
   136 | D        | Reached XP level 6. HP: 50/56 MP: 6/6
   189 | D        | Found a deep blue altar of Sif Muna.
   190 | D        | Noticed a jelly
   191 | D        | Found a radiant altar of Vehumet.
   197 | D        | Killed a jelly
   197 | D        | Reached skill level 11 in Polearms
   288 | D        | Found Nuedufao's Antique Armour Emporium.
   288 | D        | Found a white marble altar of Elyvilon.
   288 | D        | Found a stormy altar of Qazlal.
   288 | D        | Found a burning altar of Makhleb.
   288 | D        | Found a sacrificial altar of Ru.
   288 | D        | Found a basalt altar of Yredelemnul.
   288 | D        | Found a glowing golden altar of the Shining One.
   288 | D        | Found a sparkling altar of Nemelex Xobeh.
   288 | D        | Found a shimmering altar of Xom.
   288 | D        | Found an opulent altar of Gozag.
   288 | D        | Found an ancient bone altar of Kikubaaqudgha.
   288 | D        | Found a glowing silver altar of Zin.
   288 | D        | Noticed a yak
   304 | D        | Slain by a yak

Action                   |  1- 3 |  4- 6 || total
-------------------------+-------+-------++-------
Melee: Trident           |    23 |    37 ||    60
Throw: Throwing net      |     1 |     2 ||     3
 Stab: Held in net/web   |     1 |       ||     1
